 Dungeon Crawl Stone Soup version 0.26-a0-651-gb41185065b (webtiles) character file.

Game seed: 16620121430829411698

72553 Flugslaktarn the Severer (level 15, -1/148 HPs)
             Began as a Deep Dwarf Fighter on Oct 8, 2020.
             Was the Champion of Makhleb.
             Killed from afar by a shock serpent (10 damage)
             ... with a bolt of electricity
             ... on level 2 of the Snake Pit.
             The game lasted 00:09:40 (10956 turns).

Flugslaktarn the Severer (Deep Dwarf Fighter)      Turns: 10956, Time: 00:09:41

Health: -1/148     AC: 20    Str: 23    XL:     15   Next: 1%
Magic:  1/1        EV:  6    Int:  9    God:    Makhleb [******]
Gold:   756        SH: 16    Dex: 15    Spells: 14/14 levels left

rFire    . . .     SeeInvis .   y - +3 broad axe (vorpal)
rCold    . . .     Faith    +   a - +0 tower shield
rNeg     + . .     Spirit   .   s - +0 plate armour
rPois    .         Reflect  .   m - +0 helmet
rElec    .         Harm     .   u - +1 cloak
rCorr    +         Rampage  .   A - +0 pair of gloves
MR       ++...                  (no boots)
Stlth    ..........             f - amulet of faith
HPRegen  0.00/turn              k - ring of resist corrosion
MPRegen  0.07/turn              o - ring of poison resistance

@: lethally poisoned (-1 -> -1), poison vulnerable, non-regenerating,
constricted
A: damage resistance, heal wounds, negative energy resistance 1, sense
surroundings 2, no potion heal 1, no regeneration
a: Heal Wounds, Minor Destruction, Lesser Servant of Makhleb, Major Destruction,
Greater Servant of Makhleb, Renounce Religion


You were on level 2 of the Snake Pit.
You worshipped Makhleb.
Makhleb was exalted by your worship.
You visited 4 branches of the dungeon, and saw 22 of its levels.

You collected 1069 gold pieces.
You spent 313 gold pieces at shops.

Inventory:

Hand Weapons
 y - a +3 vorpal broad axe (weapon)
   (You acquired it on level 8 of the Dungeon)
Missiles
 E - a throwing net (quivered)
Armour
 a - a +0 tower shield (worn)
   (You took it off a naga warrior on level 1 of the Snake Pit)
 c - a +0 kite shield
 m - a +0 helmet (worn)
   (You found it on level 8 of the Dungeon)
 s - a +0 plate armour (worn)
   (You found it on level 2 of the Dungeon)
 u - a +1 cloak (worn)
   (You took it off Crazy Yiuf on level 5 of the Dungeon)
 A - a +0 pair of gloves (worn)
   (You found it on level 6 of the Dungeon)
Jewellery
 f - an amulet of faith (around neck)
   (You found it on level 1 of the Dungeon)
 k - a ring of resist corrosion (left hand)
   (You found it on level 6 of the Dungeon)
 o - a ring of poison resistance (right hand)
   (You bought it in a shop on level 14 of the Dungeon)
Wands
 g - a wand of digging (15)
   (You found it on level 10 of the Dungeon)
 i - a wand of iceblast (10)
   (You found it on level 5 of the Dungeon)
 G - a wand of enslavement (16)
   (You took it off a centaur on level 13 of the Dungeon)
 I - a wand of acid (9)
   (You found it on level 2 of the Lair of Beasts)
 L - a wand of paralysis (7)
   (You found it on level 4 of the Lair of Beasts)
Scrolls
 j - a scroll of fog
 l - 2 scrolls of magic mapping
 p - a scroll of summoning
 r - a scroll of identify
 t - a scroll of teleportation
 x - 3 scrolls of remove curse
 z - a scroll of immolation
 F - 2 scrolls of fear
 H - 2 scrolls of holy word
Potions
 b - a potion of cancellation
 d - 2 potions of might
 e - 5 potions of lignification
 h - 2 potions of haste
 n - 2 potions of resistance
 q - 3 potions of curing
 v - a potion of ambrosia
 w - a potion of heal wounds
 B - 2 potions of invisibility
 D - 3 potions of flight
Miscellaneous
 C - a tin of tremorstones (1/3)
   (You found it on level 4 of the Lair of Beasts)


   Skills:
 * Level 13.2 Fighting
 * Level 15.3 Axes
 + Level 11.6 Armour
 - Level 10.2 Dodging
 + Level 5.7 Shields
 + Level 11.9 Invocations
 + Level 6.1 Evocations


You had 14 spell levels left.
You didn't know any spells.
Your spell library was empty.

Dungeon Overview and Level Annotations

Branches:
Dungeon (15/15)            Temple (1/1) D:5            Lair (4/6) D:9
 Shoals (0/4) Lair:2        Snake (2/4) Lair:4       Vaults (0/5) D:13
    Orc: D:9-12      Depths: D:15

Altars:
Ashenzari
Cheibriados
Dithmenos
Elyvilon
Fedhas
Gozag
Hepliaklqana
Kikubaaqudgha
Makhleb
Nemelex Xobeh
Okawaru
Qazlal
Ru
Sif Muna
Trog
Uskayaw
Vehumet
Wu Jian
Xom
Yredelemnul
Zin
The Shining One
Lugonu

Shops:
D:6 !   D:7 *   D:12 *   D:13 *   D:14 =   D:15 [

Annotations:
D:9 2 transporters
Snake:2 Asterion


Innate Abilities, Weirdness & Mutations

You are resistant to damage.
You can heal yourself by infusing magical energy.
You resist negative energy. (rN+)
You passively map the area around you.
You do not regenerate.
Potions are less effective at restoring your health.


Message History

You slice the naga ritualist!!
The naga ritualist is almost dead.
You slash the black mamba!
You kill the black mamba!
Makhleb accepts your kill.
You feel better.
You slash the shock serpent!
The shock serpent's electric aura discharges, shocking you!
* * * LOW HITPOINT WARNING * * *
You block the shock serpent's attack. You block the naga ritualist's attack.
The naga ritualist constricts you. The shock serpent bites you!
* * * LOW HITPOINT WARNING * * *
The shock serpent shocks you!
* * * LOW HITPOINT WARNING * * *
You are a level 15 Deep Dwarf Fighter.
You are 1% of the way to level 16.
Play time: 00:09:40 (10956 turns) Unknown command.
The naga ritualist's grasp on you weakens, but your attempt to escape fails.
The shock serpent shoots out a bolt of lightning at you!
The bolt of electricity hits you!
You die...

, , * , , * #.,..# , , *
##.##.#.. , ,, , ,,
..[#.#.####.# ,*,, ** ,
........... , , ######
,...#..... # ,
.....###*######..#....##.#,,
.......,,......NS#.##....
......#*#######.@†....#*#*
......, ..............#.###*
, .....# *
##..####....(....# ,, .....#
#......##...###! *
....<######.............# ,
.....#...##....#.######.# ,
, ...).#.#.##..#.#... #* * ,
.......#.......#...#* * , ,
################..... * ,


You could see a naga ritualist and a shock serpent.

Vanquished Creatures
  Josephine (D:10)
  4 vault guards (D:13)
  2 naga warriors (Snake:1)
  2 hydras
  6 centaur warriors
  An ogre mage (D:15)
  10 two-headed ogres
  A death knight (D:14)
  A naga sharpshooter (Snake:1)
  A tengu warrior (D:14)
  2 shock serpents
  A titan zombie (D:15)
  A skeletal warrior (D:14)
  2 iron trolls (D:14)
  A salamander mystic (Snake:1)
  An unseen horror (D:14)
  2 deep trolls (D:14)
  A naga ritualist (Snake:1)
  A flayed ghost (D:15)
  A phantasmal warrior (D:14)
  Pikel (D:8)
  A mana viper (Snake:1)
  A deep elf mage (D:15)
  An ugly thing (D:12)
  A salamander (Snake:2)
  A frost giant skeleton (D:15)
  2 manticores
  A sphinx skeleton (D:15)
  3 cyclopes
  2 merfolk sirens (Lair:2)
  6 cane toads
  Maurice (D:9)
  11 black mambas
  A guardian serpent (D:15)
  A black mamba (shapeshifter) (D:13)
  2 gargoyles
  4 naga magi (Snake:1)
  A centaur skeleton (D:13)
  An efreet (D:15)
  2 kobold demonologists
  2 komodo dragons (Lair:2)
  A tengu conjurer (D:14)
  A merfolk (Lair:2)
  4 polar bears (Lair:3)
  10 trolls
  5 slime creatures (D:13)
  7 hippogriffs
  9 blink frogs
  A water elemental (D:14)
  3 shadows
  43 yaks
  7 wraiths
  2 wyverns
  4 fire bats (D:10)
  A basilisk (Lair:2)
  7 vampire mosquitoes
  A soldier ant (D:13)
  13 nagas
  6 water moccasins
  2 porcupines (Lair:3)
  9 orc warriors
  Purgy (D:4)
  3 ice beasts
  An eye of draining (D:13)
  3 sky beasts
  3 black bears
  A necrophage (D:9)
  3 ogres
  A hornet zombie (D:14)
  20 centaurs
  A phantom (D:9)
  A lemure (D:8)
  13 crocodiles
  A big kobold (D:8)
  A wyvern zombie (D:6)
  A gnoll sergeant (D:12)
  18 bullfrogs
  7 scorpions
  5 killer bees (D:9)
  11 wights
  4 electric eels
  5 centaur zombies
  A crimson imp (D:6)
  A bullfrog zombie (D:6)
  3 quasits
  8 orc priests
  5 hounds
  Crazy Yiuf (D:5)
  3 bullfrog skeletons
  5 iguanas
  5 jellies
  Ijyb (D:5)
  15 orc wizards
  10 worker ants
  A killer bee zombie (D:7)
  A hound zombie (D:5)
  2 hound skeletons
  A howler monkey zombie (D:5)
  2 howler monkey skeletons (D:10)
  9 adders
  10 gnolls
  3 shadow imps
  3 white imps
  3 ufetubi
  2 adder skeletons
  3 leopard geckos
  24 orcs
  A ball python (D:5)
  5 giant cockroaches
  A goblin (D:2)
  3 hobgoblins
  16 jackals
  4 kobolds (D:8)
  4 quokkas
  A ball python skeleton (D:4)
  A bat (D:3)
  2 frilled lizards
  A rat (D:2)
  A spectral orc (D:6)
  A fire vortex (D:10)
491 creatures vanquished.

Vanquished Creatures (collateral kills)
  Snorg (D:11)
  2 hydras
  A tengu warrior (D:14)
  2 centaur zombies (D:14)
  A freezing wraith (D:14)
  2 water elementals (D:14)
  A yak (D:14)
  A crocodile (Lair:1)
  A scorpion (D:11)
  An electric eel (D:14)
  An orc priest (D:14)
  A worker ant (D:11)
15 creatures vanquished.

Vanquished Creatures (others)
  A kobold (D:8)
  5 fungi
  7 plants
13 creatures vanquished.

Grand Total: 519 creatures vanquished

Notes
Turn   | Place    | Note
-------+----------+-------------------------------------------
     0 | D:1      | Flugslaktarn the Deep Dwarf Fighter began the quest for the
                  | Orb.
     0 | D:1      | Reached XP level 1. HP: 20/20 MP: 1/1
    94 | D:2      | Found an ancient bone altar of Kikubaaqudgha.
   330 | D:2      | Found a sacrificial altar of Ru.
   403 | D:3      | Found a broken altar of Ashenzari.
   436 | D:3      | Reached XP level 2. HP: 14/28 MP: 2/2
   586 | D:4      | Reached skill level 3 in Axes
   586 | D:4      | Reached XP level 3. HP: 34/34 MP: 2/2
   667 | D:4      | Reached XP level 4. HP: 29/42 MP: 3/3
   684 | D:4      | Noticed Purgy
   715 | D:4      | Killed Purgy
   715 | D:4      | Reached XP level 5. HP: 17/50 MP: 4/4
   730 | D:5      | Entered Level 5 of the Dungeon
   750 | D:5      | Noticed an ogre
   760 | D:5      | Killed an ogre
   760 | D:5      | Reached skill level 4 in Axes
   859 | D:5      | Reached XP level 6. HP: 40/57 MP: 4/4
  1058 | D:5      | Found a staircase to the Ecumenical Temple.
  1070 | Temple   | Entered the Ecumenical Temple
  1183 | D:5      | Reached skill level 1 in Dodging
  1184 | D:5      | Reached skill level 5 in Axes
  1186 | D:5      | Reached XP level 7. HP: 47/66 MP: 4/4
  1215 | D:5      | Found a shimmering blue altar of Sif Muna.
  1251 | D:5      | Noticed Ijyb
  1265 | D:5      | Killed Ijyb
  1292 | D:5      | Found a runed translucent door.
  1293 | D:5      | Noticed Crazy Yiuf
  1341 | D:5      | Reached skill level 5 in Fighting
  1734 | D:5      | Killed Crazy Yiuf
  1787 | D:6      | Found Feokuude's Distillery.
  1795 | D:6      | Reached skill level 5 in Armour
  1821 | D:6      | Reached skill level 6 in Axes
  1893 | D:6      | Reached XP level 8. HP: 43/75 MP: 5/5
  2016 | D:6      | Found a blossoming altar of Fedhas.
  2019 | D:6      | Found a stormy altar of Qazlal.
  2231 | D:6      | Found an opulent altar of Gozag.
  2251 | D:6      | Found a burning altar of Makhleb.
  2252 | D:6      | Found a radiant altar of Vehumet.
  2258 | D:6      | Became a worshipper of Makhleb the Destroyer
  2336 | D:6      | Found a glowing golden altar of the Shining One.
  2379 | D:6      | Found a basalt altar of Yredelemnul.
  2560 | D:7      | Reached skill level 7 in Axes
  2560 | D:7      | Reached skill level 1 in Invocations
  2570 | D:7      | Found a sparkling altar of Nemelex Xobeh.
  2600 | D:7      | Found Vummosti's Elemental Accessories.
  2946 | D:7      | Reached * piety under Makhleb
  2946 | D:7      | Gained mutation: You passively map the area around you.
                  | [Deep Dwarf growth]
  2946 | D:7      | Reached XP level 9. HP: 48/85 MP: 7/7
  3053 | D:7      | Reached skill level 8 in Axes
  3271 | D:8      | Noticed Pikel
  3283 | D:8      | Killed Pikel
  3290 | D:8      | Reached skill level 5 in Dodging
  3349 | D:8      | Reached ** piety under Makhleb
  3353 | D:8      | Noticed a manticore
  3362 | D:8      | Killed a manticore
  3362 | D:8      | Reached skill level 9 in Axes
  3385 | D:8      | Reached XP level 10. HP: 96/96 MP: 8/8
  3602 | D:8      | Identified a scroll of acquirement
  3602 | D:8      | Acquired a +0 vorpal broad axe
  3685 | D:8      | Reached skill level 5 in Invocations
  3863 | D:9      | Found an ornate altar of the Wu Jian Council.
  3863 | D:9      | Found a bloodstained altar of Trog.
  3875 | D:9      | Noticed Maurice
  3892 | D:9      | Killed Maurice
  3926 | D:9      | Noticed a two-headed ogre
  3939 | D:9      | Killed a two-headed ogre
  3939 | D:9      | Reached skill level 10 in Axes
  3976 | D:9      | Reached *** piety under Makhleb
  4006 | D:9      | Found a staircase to the Lair.
  4132 | D:9      | Found a transporter.
  4150 | D:9      | Found a shadowy altar of Dithmenos.
  4334 | D:9      | Found a transporter.
  4381 | D:10     | Entered Level 10 of the Dungeon
  4423 | D:10     | Reached XP level 11. HP: 76/106 MP: 8/8
  4468 | D:10     | Reached **** piety under Makhleb
  4715 | D:10     | Noticed Josephine
  4733 | D:10     | Killed Josephine
  4746 | D:10     | Reached skill level 11 in Axes
  5103 | D:11     | Noticed Snorg
  5113 | D:11     | Noticed an eight-headed hydra
  5152 | D:11     | Killed an eight-headed hydra
  5482 | D:11     | Killed Snorg
  5604 | D:12     | Found Suis's Assorted Antiques.
  5621 | D:12     | Reached skill level 10 in Fighting
  5887 | D:12     | Reached XP level 12. HP: 116/116 MP: 8/8
  6084 | D:12     | Reached skill level 12 in Axes
  6135 | D:12     | Reached ***** piety under Makhleb
  6601 | D:13     | Noticed a two-headed ogre
  6606 | D:13     | Killed a two-headed ogre
  6891 | D:13     | Found a gate to the Vaults.
  6891 | D:13     | Noticed a vault guard
  6891 | D:13     | Noticed a vault guard
  6891 | D:13     | Noticed a vault guard
  6891 | D:13     | Noticed a vault guard
  6891 | D:13     | Noticed a two-headed ogre
  6892 | D:13     | Noticed a centaur warrior
  6918 | D:13     | Killed a vault guard
  6928 | D:13     | Killed a vault guard
  6928 | D:13     | Reached skill level 13 in Axes
  6940 | D:13     | Killed a vault guard
  6940 | D:13     | Reached skill level 10 in Armour
  6943 | D:13     | Killed a vault guard
  6952 | D:13     | Killed a centaur warrior
  6952 | D:13     | Reached XP level 13. HP: 111/127 MP: 4/4
  7174 | D:13     | Found Qaptufia's Assorted Antiques.
  7188 | D:13     | Bought a scroll labeled YFOSMUT OB BUCS for 33 gold pieces
  7539 | D:14     | Reached skill level 10 in Invocations
  7704 | D:14     | Reached skill level 1 in Evocations
  7776 | D:14     | Found Hemer's Jewellery Boutique.
  7781 | D:14     | Bought an uncursed ring of poison resistance for 280 gold
                  | pieces
  7855 | D:14     | Reached skill level 14 in Axes
  8095 | D:15     | Entered Level 15 of the Dungeon
  8160 | D:15     | Found Ihaikih's Armour Shop.
  8200 | D:15     | Reached skill level 10 in Dodging
  8215 | D:15     | Gained mutation: Potions are less effective at restoring
                  | your health. [a neqoxec]
  8280 | D:15     | Gained mutation: You resist negative energy. (rN+) [Deep
                  | Dwarf growth]
  8280 | D:15     | Reached XP level 14. HP: 71/139 MP: 2/2
  8290 | D:15     | Reached ****** piety under Makhleb
  8570 | Lair:1   | Entered Level 1 of the Lair of Beasts
  8946 | Lair:2   | Found a staircase to the Shoals.
  9473 | Lair:3   | Reached skill level 5 in Evocations
 10067 | Lair:3   | You fall into a shaft and drop 1 floor!
 10183 | Lair:4   | Reached skill level 5 in Shields
 10208 | Lair:4   | Reached skill level 15 in Axes
 10317 | Lair:4   | Found a staircase to the Snake Pit.
 10554 | Snake:1  | Entered Level 1 of the Snake Pit
 10952 | Snake:2  | Reached XP level 15. HP: 24/148 MP: 1/1
 10952 | Snake:2  | Identified the +3 kite shield of Plasticity {rCorr Str+4}
 10952 | Snake:2  | Noticed Asterion
 10956 | Snake:2  | Killed from afar by a shock serpent

Illustrated notes

Levels and vault maps discovered:
D:1:      lemuel_arrival_river_ford, layout_basic, minmay_tall_x
D:2:      layout_loops_ring, marbit_many_paths, nicolae_ru_the_path_less_chosen,
          serial_rivers, chequers_serial_rivers_micro_c,
          chequers_serial_rivers_micro_b, chequers_serial_rivers_small_b,
          chequers_serial_rivers_large_a, chequers_serial_rivers_micro_c,
          chequers_serial_rivers_micro_b, lightli_corner_chamber
D:3:      layout_loops_ring, ashenzari_conservatory_becter,
          chequers_serial_rivers_micro_b
D:4:      layout_rooms, uniq_natasha, uniq_purgy
D:5:      layout_cave_pods, minmay_temple_entry_butterflies, led_sif_pool,
          uniq_crazy_yiuf_cottage, uniq_ijyb
D:6:      layout_basic, grunt_temple_overflow_lords_of_destruction,
          grunt_temple_overflow_forces_of_nature, grunt_gozag_statues,
          lemuel_round_altar, yredelemnul_forgotten_temple_becter, serial_shops,
          shop, gup_sewer_entry_pipe
D:7:      layout_loops_ring, nemelex_xobeh_ov_fountains_minmay,
          chequers_serial_rivers_small_b, chequers_arboretum,
          nicolae_elemental_shop
D:8:      layout_basic, minmay_the_grid_2x2 [minmay_the_grid_minigrid_small_alt,
          minmay_the_grid_spikes, minmay_the_grid_holed_spiral,
          minmay_the_grid_prize_shrinking_boxes], uniq_pikel
D:9:      gammafunk_cloud_chamber, layout_gridville, old_standard_altar,
          gammafunk_temple_overflow_wave, dpeg_oklobed_lair, uniq_maurice
D:10:     layout_basic, david_orc_4, hangedman_incinerator, uniq_josephine
D:11:     layout_roguey, uniq_snorg
D:12:     layout_basic, serial_shops, shop_coins
D:13:     layout_basic, lightli_vaults_fourway_checkpoint, serial_shops, shop,
          corexii_hall_statues_l
D:14:     lemuel_troll_bridge, layout_rooms, grunt_decor_fettered, serial_shops,
          kennysheep_little_box
D:15:     gammafunk_depths_entry_grave, layout_small_grid, serial_shops, shop,
          nrook_guardian_serpent_ordinary
Temple:   corrupted_temple
Lair:1:   layout_hall_layers, grunt_megastairs_4
Lair:2:   layout_concentric_octagons, elwin_shoals_entry_rooms,
          serial_bayou_pond_b, guppyfry_lair_drakes, grunt_megastairs_1,
          infiniplex_staircase_pool
Lair:3:   beast_lair_carwin_large_2, layout_regular_city,
          nicolae_quartered_pool_super, grunt_megastairs_5
Lair:4:   layout_cave_pods, minmay_snake_entry_guardpost_medium,
          lemuel_fruit_fields, lemuel_fruit_tree
Snake:1:  layout_basic
Snake:2:  layout_basic, gammafunk_ghost_berserking_beasts,
          guppyfry_library_mini, uniq_asterion

Skill      XL: |  1  2  3  4  5  6  7  8  9 10 11 12 13 14 |
---------------+-------------------------------------------+-----
Fighting       | 3 4 5 6 7 9 10 11 12 13 | 13.2
Axes           | 3 4 5 6 7 9 10 11 13 14 15 | 15.3
Armour         | 4 5 6 7 8 9 10 11 | 11.6
Shields        | 4 5 |  5.7
Dodging        | 1 2 4 5 6 7 9 10 | 10.2
Invocations    | 2 4 6 8 9 10 11 | 11.9
Evocations     | 3 6 |  6.1

Action                   |  1- 3 |  4- 6 |  7- 9 | 10-12 | 13-15 || total
-------------------------+-------+-------+-------+-------+-------++-------
Melee: War axe           |   118 |    96 |   380 |       |       ||   594
       Battleaxe         |       |       |    24 |   611 |   301 ||   936
       Broad axe         |       |       |       |       |   483 ||   483
Invok: Lesser Servant of |       |       |       |     4 |     4 ||     8
 Abil: Heal Wounds       |     1 |     7 |    12 |    25 |    14 ||    59
Evoke: Wand              |       |       |       |       |     3 ||     3
       Tin of tremorston |       |       |       |       |     3 ||     3
  Use: Scroll            |       |       |       |    16 |    12 ||    28
       Potion            |       |       |       |     5 |     4 ||     9
 Stab: Invisible         |       |       |       |       |     4 ||     4
       Distracted        |       |       |       |       |     3 ||     3
       Paralysed         |       |       |       |       |     2 ||     2
Armor: Plate armour      |    81 |   136 |   279 |   515 |   472 ||  1483
       Scale mail        |     4 |       |       |       |       ||     4
Dodge: Dodged            |    19 |    32 |   101 |   440 |   396 ||   988
Block: Kite shield       |    65 |    86 |   187 |       |   150 ||   488
       Tower shield      |       |       |       |       |    97 ||    97

Table legend: (Time is in decaauts)
 A = Elapsed time spent in this place.
 B = Non-inter-level travel time spent in this place.
 C = Inter-level travel time spent in this place.
 D = Time resting spent in this place.
 E = Time spent auto-exploring this place.
 F = Levels seen in this place.
 G = Mean time per level.
                   A        B        C        D        E       F      G
               +--------+--------+--------+--------+--------+-----+--------+
         Total |  11245 |  10674 |    571 |     44 |   6992 |  22 |  511.1 |
       Dungeon |   8876 |   8389 |    487 |     10 |   5528 |  15 |  591.7 |
        Temple |     39 |     28 |     11 |      0 |     27 |   1 |   39.0 |
          Lair |   1932 |   1863 |     69 |     34 |   1299 |   4 |  483.0 |
     Snake Pit |    396 |    393 |      3 |      0 |    137 |   2 |  198.0 |
               +--------+--------+--------+--------+--------+-----+--------+

Top non-repeatable levels by time:
     D:5: 1027 daAuts
    D:12: 983 daAuts
    D:13: 855 daAuts
     D:6: 801 daAuts
    D:14: 750 daAuts
  Lair:2: 749 daAuts
     D:7: 728 daAuts
    D:11: 710 daAuts
     D:8: 642 daAuts
     D:9: 622 daAuts
    D:10: 597 daAuts
  Lair:3: 593 daAuts
  Lair:4: 481 daAuts
     D:2: 353 daAuts
    D:15: 352 daAuts
